 Dungeon Crawl Stone Soup version 0.23.2-40-g277498a (webtiles) character file.

Game seed: 3356745049677705014

101341 Inchmeat the Executioner (level 16, -2/149 HPs)
             Began as a Hill Orc Fighter on Aug 20, 2019.
             Was the Champion of Makhleb.
             Blown up by an orb spider (11 damage)
             ... with an orb of destruction
             ... on level 4 of the Spider Nest.
             The game lasted 00:55:41 (28741 turns).

Inchmeat the Executioner (Hill Orc Fighter)        Turns: 28741, Time: 00:55:42

Health: -2/149     AC: 25    Str: 23    XL:     16   Next: 30%
Magic:  19/19      EV:  7    Int:  8    God:    Makhleb [******]
Gold:   2531       SH:  0    Dex: 13    Spells: 15/15 levels left

rFire    . . .     SeeInvis +   Y - +8 frozen axe "Frostbite" {freezing cloud, *Noise +Fly rC+}
rCold    + + +     Gourm    .   (shield currently unavailable)
rNeg     . . .     Faith    .   S - +2 plate armour {rPois}
rPois    +         Spirit   .   C - +0 helmet
rElec    .         Reflect  .   N - +0 cloak
rCorr    .         Harm     .   V - +1 pair of gloves
MR       +....                  u - +1 pair of boots
Stlth    ..........             (no amulet)
HPRegen  0.34/turn              P - ring of protection from cold
MPRegen  0.16/turn              I - ring "Faix" {+Blink rC+ SInv}

@: lethally poisoned (-2 -> -2), berserk cooldown, slowed, studying Ice Magic,
very slow
A: no striking features
a: Minor Destruction, Lesser Servant of Makhleb, Major Destruction, Greater
Servant of Makhleb, Renounce Religion, Evoke Blink, Evoke Flight


You were on level 4 of the Spider Nest.
You worshipped Makhleb.
Makhleb was exalted by your worship.
You were not hungry.

You visited 4 branches of the dungeon, and saw 26 of its levels.
You also visited: Sewer, Ossuary, Ice Cave and Volcano.

You collected 3124 gold pieces.
You spent 593 gold pieces at shops.

Inventory:

Hand Weapons
 a - a +3 vampiric broad axe
 o - a +0 arbalest
 W - a +4 battleaxe
 Y - the +8 frozen axe "Frostbite" (weapon) {freezing cloud, *Noise +Fly rC+}
   (You took it off a deep elf mage on level 9 of the Dungeon)

   It has been specially enchanted to freeze those struck by it, causing extra
   injury to most foes and up to half again as much damage against particularly
   susceptible opponents.
   It can also slow down cold-blooded creatures.
   It protects you from cold.
   It lets you fly.
   It may make noises in combat.
Missiles
 k - 509 bolts
Armour
 m - +0 fire dragon scales
 u - a +1 pair of boots (worn)
 C - a +0 helmet (worn)
 N - a +0 cloak (worn)
 S - a +2 plate armour of poison resistance (worn)
 V - a +1 pair of gloves (worn)
Jewellery
 q - an uncursed ring of positive energy {unknown}
 r - an uncursed ring of resist corrosion {unknown}
 w - an uncursed ring of protection from magic
 D - an uncursed ring of protection from fire
 I - the ring "Faix" (right hand) {+Blink rC+ SInv}
   (You took it off an orc on level 8 of the Dungeon)

   [ring of protection from cold]

   It protects you from cold.
   It lets you see invisible.
   It lets you blink.
 L - a +5 amulet of reflection
 P - a ring of protection from cold (left hand)
Wands
 j - a wand of iceblast (28)
 t - a wand of digging (7)
 E - a wand of disintegration (6)
 G - a wand of clouds (5)
 X - a wand of acid (24)
Scrolls
 b - a scroll of enchant armour
 g - 8 scrolls of teleportation
 v - 13 scrolls of identify {@r1}
 B - 10 scrolls of remove curse {@r2}
 M - a scroll of summoning
 O - a scroll of torment
 R - a scroll of magic mapping
 T - 3 scrolls of amnesia
 Z - 2 scrolls of holy word
Potions
 c - 5 potions of lignification
 d - 6 potions of might
 e - 13 potions of curing {@q1}
 h - a potion of agility
 i - 6 potions of mutation {!q}
 l - a potion of resistance
 p - 3 potions of magic
 s - 6 potions of haste
 z - 8 potions of flight
 F - 5 potions of invisibility
 H - a potion of heal wounds
 Q - 3 potions of brilliance
Books
 n - a manual of Ice Magic
Miscellaneous
 J - a lamp of fire
Comestibles
 f - 25 rations


   Skills:
 - Level 15.2 Fighting
 + Level 25.3 Axes
 - Level 4.9 Crossbows
 - Level 12.0 Armour
   Level 3.2 Shields
 - Level 4.2 Invocations
 - Level 3.0 Evocations


You had 15 spell levels left.
You didn't know any spells.
Your spell library contained the following spells:

 Spells                   Type           Power        Failure   Level  Hunger
 Animate Skeleton         Necr           N/A          99%         1    ##.....
 Apportation              Tloc           #.....       99%         1    ##.....
 Confusing Touch          Hex            #.....       99%         1    ##.....
 Corona                   Hex            #......      99%         1    ##.....
 Sandblast                Erth           #.....       99%         1    ##.....
 Summon Butterflies       Summ           #.......     99%         1    ##.....
 Summon Small Mammal      Summ           #...         99%         1    ##.....
 Ensorcelled Hibernation  Hex/Ice        #.....       100%        2    ###....
 Passwall                 Tmut/Erth      #.......     100%        2    ###....
 Swiftness                Chrm/Air       #.......     100%        2    ###....
 Confuse                  Hex            #.......     100%        3    ####...
 Dazzling Spray           Conj/Hex       #.....       100%        3    ####...
 Lesser Beckoning         Tloc           #.........   100%        3    ####...
 Stone Arrow              Conj/Erth      #.....       100%        3    ####...
 Tukima's Dance           Hex            #.......     100%        3    ####...
 Passage of Golubria      Tloc           N/A          100%        4    #####..
 Petrify                  Tmut/Erth      #.......     100%        4    #####..
 Alistair's Intoxication  Tmut/Pois      #.......     100%        5    ######.
 Lee's Rapid Deconstruct  Erth           #.........   100%        5    ######.
 Darkness                 Hex            #.........   100%        6    #######
 Invisibility             Hex            #.......     100%        6    #######


Dungeon Overview and Level Annotations

Branches:
Dungeon (15/15)            Temple (0/1) D:6            Lair (5/6) D:9
  Swamp (0/4) Lair:3       Spider (4/4) Lair:3          Orc (2/2) D:10
    Elf (0/3) Orc:2
  Slime: Lair:5-6    Vaults: D:13-14     Depths: D:15

Altars:
Hepliaklqana
Makhleb
Okawaru
Qazlal
Sif Muna
Trog
Vehumet
Wu Jian
Xom
Yredelemnul

Shops:
D:4 =(==(   D:5 (   D:12 (?   D:14 *   Orc:2 [}*}

Annotations:
D:3 Sigmund
D:11 exclusions: oklob plant and oklob sapling
D:14 Louise
Lair:4 exclusion: 2 oklob plants


Message History

Ye feel sick.
Ye see 'ere a redback corpse.
Ye feel a strong urge ta attack somethin'.
Ye feel sick.
Ye feel sick.
An orb spider comes inta view.
Ye feel yer anger nearly subside.
Ye be nay longer berserk.
Ye be 'shausted.
Ye feel yerself slow down.
Ye feel sick.
Tha orb spider spins a strand o' pure energy.
Ye feel sick.
Tha orb spider weaves a glowin' orb o' energy.
A wolf spider comes inta view.
An orb o' destruction comes inta view.
Ye feel sick.
Tha orb spider spins a strand o' pure energy.
Ye feel sick.
Ye feel sick.
Tha orb o' destruction hits ye!
Ye die...

######################
#...............^.^...
#............^........
#......#......^#.....
###............^......
#.....^# #............
##...^@#####......^...
####..#..○......†s.......
##.#.......○...........#..
###..........°...........^..
#^.^†....##...°○......^.....
#....†<.........○°.......s..
#....†.......#^...s^.......^
##..............^#...........
#^....^.†....#)...#^......#..


You could see an orb spider.

Vanquished Creatures
  Arachne (Spider:2)
  Frances (Spider:1)
  The ghost of Bibeluoth the Severer, a journeyman HOVM of Beogh (Lair:5)
  A spark wasp (Spider:4)
  4 vault guards (D:13)
  A hydra (Lair:3)
  4 two-headed ogres
  A centaur warrior (D:13)
  2 catoblepae (Lair:1)
  A death yak (Lair:3)
  A fire crab (Lair:5)
  2 unseen horrors
  2 lindwurms (Volcano)
  An obsidian statue (D:12)
  4 orc knights
  2 oklob plants (Lair:4)
  A necromancer (IceCv)
  17 wolf spiders
  A deep elf mage (D:9)
  An orc sorcerer (Orc:2)
  11 orb spiders
  2 ugly things
  A manticore (D:12)
  3 elephants
  Maurice (D:8)
  Joseph (D:9)
  2 black mambas
  A toenail golem (Volcano)
  4 molten gargoyles (Volcano)
  An ice statue (IceCv)
  2 torpor snails
  11 spiny frogs
  4 rime drakes
  A gargoyle (D:13)
  10 freezing wraiths (IceCv)
  9 demonic crawlers
  8 komodo dragons
  3 efreet
  3 trolls
  The ghost of bullsaxe1 the Insei, an amateur DgTm (D:4)
  Grinder (D:6)
  35 jumping spiders
  A polar bear (Lair:4)
  5 hornets
  4 dream sheep (Lair:3)
  13 hippogriffs
  A blink frog (Lair:4)
  2 wyverns
  64 redbacks
  A wyvern (shapeshifter) (D:13)
  29 yaks
  Eustachio (D:6)
  17 tarantellas
  5 hogs
  A human (D:9)
  4 basilisks
  3 fire elementals (Volcano)
  A hungry ghost (D:9)
  4 vampire mosquitoes
  A death yak simulacrum (IceCv)
  Edmund (D:4)
  3 acid dragons
  11 water moccasins
  Duvessa (D:6)
  6 ice beasts (IceCv)
  47 orc warriors
  10 porcupines
  7 sky beasts
  3 eyes of draining
  6 wolves (Lair:5)
  A necrophage (D:10)
  5 ogres
  16 centaurs
  4 big kobolds
  12 crocodiles
  A gnoll sergeant (D:7)
  19 bullfrogs
  An earth elemental (Volcano)
  A wyvern zombie (D:13)
  Dowan (D:6)
  A wyvern skeleton (D:12)
  2 water moccasin zombies (Ossuary)
  2 scorpions
  10 killer bees
  2 electric eels (Lair:1)
  13 wights
  2 howler monkeys
  2 bullfrog zombies
  9 crimson imps
  5 draconian simulacra (IceCv)
  3 centaur zombies
  5 centaur skeletons
  20 orc priests
  7 hounds
  A bullfrog skeleton (D:8)
  4 jellies
  17 orc wizards
  An iguana (D:5)
  5 troll simulacra (IceCv)
  10 worker ants
  A polar bear simulacrum (IceCv)
  2 spriggan simulacra (IceCv)
  2 wolf simulacra (IceCv)
  2 big kobold zombies (Ossuary)
  2 centaur simulacra (IceCv)
  A hound skeleton (D:7)
  2 mummies (Ossuary)
  A howler monkey zombie (D:10)
  8 gnolls
  2 naga simulacra (IceCv)
  4 ogre simulacra (IceCv)
  19 adders
  A river rat (Sewer)
  A shadow imp (D:9)
  24 white imps
  3 oozes
  2 adder zombies (Ossuary)
  3 adder skeletons
  3 worms (D:3)
  3 dart slugs
  8 leopard geckos
  134 orcs
  3 giant cockroaches
  2 gnoll zombies (Ossuary)
  8 goblins
  7 hobgoblins
  14 jackals
  33 kobolds
  4 quokkas
  15 ball pythons
  7 bats
  7 frilled lizards
  7 hobgoblin zombies (Ossuary)
  A kobold zombie (Ossuary)
  A leopard gecko skeleton (D:9)
  A leopard gecko zombie (D:9)
  2 orc zombies (Ossuary)
  A quokka skeleton (D:4)
  19 rats
  A bush (Lair:3)
  A fire vortex (Volcano)
  9 plants
969 creatures vanquished.

Vanquished Creatures (collateral kills)
  A hydra (D:7)
  A centaur (D:7)
  A bullfrog skeleton (D:7)
3 creatures vanquished.

Vanquished Creatures (others)
  An ogre (D:8)
  A scorpion (D:8)
  A quasit (D:8)
  A jelly (D:8)
  An iguana (D:8)
  An orc wizard (Orc:2)
  An adder (D:8)
  A fungus (Lair:3)
  7 plants
  5 toadstools (Lair:1)
20 creatures vanquished.

Grand Total: 992 creatures vanquished

Notes
Turn   | Place    | Note
-------+----------+-------------------------------------------
     0 | D:1      | Inchmeat the Hill Orc Fighter began the quest for the Orb.
     0 | D:1      | Reached XP level 1. HP: 19/19 MP: 1/1
    26 | D:1      | Reached skill level 3 in Axes
   115 | D:1      | Reached XP level 2. HP: 21/26 MP: 2/2
   272 | D:1      | Reached skill level 4 in Axes
   618 | D:1      | Reached XP level 3. HP: 31/31 MP: 3/3
  1237 | D:2      | Reached skill level 5 in Axes
  1493 | D:2      | Reached XP level 4. HP: 39/39 MP: 4/4
  1638 | D:2      | Found a burning altar of Makhleb.
  1645 | D:2      | Reached skill level 6 in Axes
  1649 | D:2      | Became a worshipper of Makhleb the Destroyer
  1936 | D:3      | Reached skill level 7 in Axes
  1936 | D:3      | Reached XP level 5. HP: 30/45 MP: 5/5
  2302 | D:3      | Noticed Sigmund
  2603 | D:3      | Reached * piety under Makhleb
  3255 | D:3      | Reached skill level 8 in Axes
  3255 | D:3      | Reached XP level 6. HP: 51/51 MP: 6/6
  3719 | D:3      | Noticed a moth of wrath
  3722 | D:3      | Found a bloodstained altar of Trog.
  3854 | D:4      | Found Qibenyo's Weapon Boutique.
  3904 | D:4      | Noticed Edmund
  3912 | D:4      | Killed Edmund
  3912 | D:4      | Reached skill level 9 in Axes
  3975 | D:3      | Reached XP level 7. HP: 27/57 MP: 7/7
  4213 | D:4      | Found Jagan's Jewellery Emporium.
  4230 | D:4      | Found Velua's Weapon Shoppe.
  4361 | D:4      | Found Qoenwoich's Jewellery Shoppe.
  4403 | D:4      | Bought a cursed ring of poison resistance for 204 gold
                  | pieces
  4444 | D:4      | Found an ornate altar of the Wu Jian Council.
  4445 | D:4      | Found Uchubb's Jewellery Shop.
  4460 | D:4      | Found a faded altar of an unknown god.
  4460 | D:4      | Found a faded altar of an unknown god.
  4465 | D:4      | Found a burning altar of Makhleb.
  4467 | D:4      | Found a stormy altar of Qazlal.
  4471 | D:4      | Found an iron altar of Okawaru.
  4497 | D:4      | Found a glowing drain.
  4508 | D:4      | Got a smoking silver ring
  4518 | Sewer    | Entered a sewer
  4520 | Sewer    | Identified the ring "Rycruam" {rC+ Str-5 Int+4 Dex+4} (You
                  | found it on level 4 of the Dungeon)
  4537 | Sewer    | Reached ** piety under Makhleb
  4591 | Sewer    | Reached skill level 10 in Axes
  4842 | D:4      | Found a runed translucent door.
  4846 | D:4      | Noticed bullsaxe1's ghost (amateur DgTm)
  5024 | D:4      | Killed bullsaxe1's ghost
  5024 | D:4      | Reached skill level 11 in Axes
  5090 | D:5      | Entered Level 5 of the Dungeon
  5095 | D:5      | Reached XP level 8. HP: 60/64 MP: 8/8
  5117 | D:5      | Found Wiyps's Weapon Shop.
  5477 | D:5      | Found a basalt altar of Yredelemnul.
  5523 | D:5      | Reached *** piety under Makhleb
  5834 | D:6      | Found a staircase to the Ecumenical Temple.
  5838 | D:6      | Reached skill level 1 in Invocations
  5981 | D:6      | Reached skill level 12 in Axes
  6024 | D:6      | Noticed Grinder
  6039 | D:6      | Killed Grinder
  6476 | D:6      | Reached skill level 13 in Axes
  6604 | D:6      | Noticed Duvessa
  6604 | D:6      | Noticed Dowan
  6613 | D:6      | Killed Duvessa
  6613 | D:6      | Reached XP level 9. HP: 59/70 MP: 12/12
  6613 | D:6      | Killed Dowan
  6713 | D:6      | Noticed Eustachio
  6724 | D:6      | Killed Eustachio
  6724 | D:6      | Reached skill level 14 in Axes
  6883 | D:7      | Noticed a four-headed hydra
  6902 | D:7      | Killed a four-headed hydra
  6919 | D:7      | Reached skill level 15 in Axes
  6925 | D:7      | Found a sand-covered staircase.
  6935 | Ossuary  | Entered an ossuary
  7194 | D:7      | Reached **** piety under Makhleb
  7288 | D:7      | Reached skill level 16 in Axes
  7404 | D:7      | Reached XP level 10. HP: 75/78 MP: 13/13
  7411 | D:7      | Found a radiant altar of Vehumet.
  7937 | D:8      | Reached skill level 5 in Fighting
  7952 | D:8      | Identified the ring "Faix" {+Blink rC+ SInv}
  8149 | D:8      | Reached skill level 5 in Armour
  8481 | D:8      | Noticed Maurice
  8504 | D:8      | Killed Maurice
  8568 | D:8      | Found a shimmering altar of Xom.
  8783 | D:9      | Noticed an elephant
  8784 | D:9      | Found a staircase to the Lair.
  8795 | D:9      | Noticed Joseph
  8822 | D:9      | Killed an elephant
  8832 | D:9      | Reached ***** piety under Makhleb
  8840 | D:9      | Killed Joseph
  9216 | D:9      | Noticed a two-headed ogre
  9253 | D:9      | Killed a two-headed ogre
  9253 | D:9      | Reached XP level 11. HP: 94/94 MP: 14/14
  9560 | D:9      | Reached skill level 17 in Axes
  9712 | D:9      | Found a hazy altar of Hepliaklqana.
 10283 | D:10     | Entered Level 10 of the Dungeon
 10446 | D:10     | Killed an unseen horror
 10604 | D:10     | Found a staircase to the Orcish Mines.
 10809 | D:10     | Found a deep blue altar of Sif Muna.
 11231 | D:11     | Noticed an orc knight
 11265 | D:11     | Killed an orc knight
 11277 | D:11     | Reached ****** piety under Makhleb
 11294 | D:11     | Reached skill level 10 in Fighting
 11513 | D:11     | Noticed an oklob plant
 11639 | D:11     | Noticed a two-headed ogre
 11648 | D:11     | Killed a two-headed ogre
 11648 | D:11     | Reached XP level 12. HP: 90/107 MP: 15/15
 12253 | D:11     | Reached skill level 18 in Axes
 12253 | D:11     | Reached skill level 10 in Armour
 12789 | D:12     | Noticed a two-headed ogre
 12804 | D:12     | Killed a two-headed ogre
 12932 | D:12     | Found Gaoli's Magic Scroll Shop.
 12940 | D:12     | Bought a scroll of teleportation for 39 gold pieces
 12940 | D:12     | Bought a scroll of fear for 45 gold pieces
 12940 | D:12     | Bought a scroll of magic mapping for 45 gold pieces
 13103 | D:12     | Found Fulluoll's Antique Weapon Emporium.
 13135 | D:12     | You fall through a shaft for 3 floors!
 13135 | D:15     | Entered Level 15 of the Dungeon
 13136 | D:15     | Noticed a ghoul
 13145 | D:15     | Noticed a death knight
 13165 | D:15     | Noticed a ghoul
 13170 | D:15     | Noticed a two-headed ogre
 13170 | D:15     | Noticed a two-headed ogre
 13170 | D:15     | Noticed an ogre mage
 13170 | D:15     | Noticed a two-headed ogre
 13171 | D:15     | Noticed a two-headed ogre
 13171 | D:15     | Noticed a two-headed ogre
 13171 | D:15     | Noticed a two-headed ogre
 13179 | D:14     | Found Coamaar's Demolitions Depot.
 13179 | D:14     | Noticed Louise
 13624 | D:13     | Noticed a vault guard
 13628 | D:13     | Noticed a centaur warrior
 13629 | D:13     | Noticed a vault guard
 13629 | D:13     | Noticed a vault guard
 13631 | D:13     | Noticed a vault guard
 13638 | D:13     | Reached skill level 19 in Axes
 13638 | D:13     | Noticed a two-headed ogre
 13643 | D:13     | Killed a vault guard
 13643 | D:13     | Killed a centaur warrior
 13661 | D:13     | Killed a vault guard
 13665 | D:13     | Killed a vault guard
 13665 | D:13     | Reached XP level 13. HP: 114/114 MP: 16/16
 13675 | D:13     | Killed a vault guard
 13849 | D:12     | Reached skill level 20 in Axes
 13885 | D:12     | Found a runed translucent door.
 14197 | D:12     | Found a runed translucent door.
 14208 | D:12     | Found a runed translucent door.
 14247 | D:12     | Found a runed translucent door.
 14780 | D:12     | Identified a scroll of acquirement
 14926 | Orc:1    | Entered Level 1 of the Orcish Mines
 14962 | Orc:1    | Found a dark tunnel.
 14971 | Volcano  | Entered a volcano
 15972 | Orc:1    | Reached skill level 1 in Crossbows
 16234 | Orc:2    | Entered Level 2 of the Orcish Mines
 16234 | Orc:2    | Found a staircase to the Elven Halls.
 18784 | Orc:2    | Found Goaqyfaj's Assorted Antiques.
 18784 | Orc:2    | Found Ciummud's Gadget Shop.
 18786 | Orc:2    | Found Ittidich's Armour Boutique.
 18788 | Orc:2    | Found Asalann's Gadget Emporium.
 18800 | Orc:2    | Bought a wand of digging (6) for 260 gold pieces
 19203 | Lair:1   | Entered Level 1 of the Lair of Beasts
 19255 | Lair:1   | Reached XP level 14. HP: 119/129 MP: 17/17
 19684 | Lair:1   | Found a runed translucent door.
 20457 | Lair:1   | Got a jewelled great sword
 20458 | Lair:1   | Identified the +10 great sword of Umaw {chaos, Dex+4} (You
                  | found it on level 1 of the Lair of Beasts)
 20931 | Lair:2   | Reached skill level 15 in Fighting
 21559 | Lair:3   | Found a staircase to the Swamp.
 21760 | Lair:3   | Found a hole to the Spider Nest.
 22317 | Lair:4   | Found a frozen archway.
 22367 | IceCv    | Entered an ice cave
 22685 | IceCv    | Reached skill level 21 in Axes
 22716 | IceCv    | Found an ancient bone altar of Kikubaaqudgha.
 24205 | Lair:5   | Found a runed translucent gate.
 24207 | Lair:5   | Found a runed translucent gate.
 24208 | Lair:5   | Found a runed translucent gate.
 24208 | Lair:5   | Noticed Bibeluoth's ghost (journeyman HOVM)
 24441 | Lair:5   | Reached skill level 1 in Evocations
 25119 | Lair:5   | Reached XP level 15. HP: 141/141 MP: 18/18
 25132 | Lair:5   | Killed Bibeluoth's ghost
 25132 | Lair:5   | Reached skill level 22 in Axes
 25270 | Spider:1 | Entered Level 1 of the Spider Nest
 25309 | Spider:1 | Noticed Frances
 25320 | Spider:1 | Killed Frances
 25332 | Spider:1 | Reached skill level 23 in Axes
 25549 | Spider:1 | You fall through a shaft!
 25597 | Spider:2 | Noticed Arachne
 25610 | Spider:2 | Killed Arachne
 26105 | Spider:2 | Reached skill level 24 in Axes
 26633 | Spider:2 | Reached XP level 16. HP: 36/149 MP: 19/19
 28381 | Spider:3 | Reached skill level 25 in Axes
 28687 | Spider:4 | Entered Level 4 of the Spider Nest
 28741 | Spider:4 | Blown up by an orb spider

Skill      XL: |  1  2  3  4  5  6  7  8  9 10 11 12 13 14 15 16 |
---------------+-------------------------------------------------+-----
Axes           | 3 4 5 7 8 9 11 13 16 17 19 20 21 24 25 | 25.3
Invocations    | 4 |  4.2
Fighting       | 4 8 10 13 15 | 15.2
Armour         | 7 9 12 | 12.0
Crossbows      | 4 |  4.9
Evocations     | 1 3 |  3.0
Shields        | |  3.2

Action                   |  1- 3 |  4- 6 |  7- 9 | 10-12 | 13-15 | 16-18 || total
-------------------------+-------+-------+-------+-------+-------+-------++-------
Melee: War axe           |   103 |   161 |   413 |   121 |       |       ||   798
       Battleaxe         |       |       |       |   746 |   377 |       ||  1123
       Executioner's axe |       |       |       |       |   404 |   106 ||   510
       Broad axe         |       |       |       |       |   133 |       ||   133
 Fire: Arbalest          |       |       |       |       |    32 |       ||    32
Invok: Lesser Servant of |       |       |     3 |     3 |       |       ||     6
Evoke: Wand              |       |       |     2 |     4 |    14 |     1 ||    21
       Lamp of fire      |       |       |       |     1 |     2 |       ||     3
  Use: Scroll            |     2 |    10 |    13 |    15 |     8 |     1 ||    49
       Potion            |       |       |     2 |     4 |     1 |     1 ||     8
 Stab: Paralysed         |       |       |       |     2 |       |       ||     2
       Petrified         |       |       |       |       |     3 |       ||     3
       Confused          |       |       |       |       |     1 |       ||     1
  Eat: Chunk             |     2 |     7 |    12 |    23 |    19 |     1 ||    64
       Ration            |       |       |       |       |     8 |     2 ||    10
Armor: Scale mail        |    77 |    65 |   105 |       |       |       ||   247
       Chain mail        |       |       |    81 |       |       |       ||    81
       Plate armour      |       |       |    64 |   606 |   725 |   103 ||  1498
       Fire dragon scale |       |       |       |       |    48 |       ||    48
Dodge: Dodged            |    78 |    74 |   155 |   275 |   388 |    37 ||  1007
